 Seeded DCSS version 0.28.0-43-g3370ac3207 (webtiles) character file.

Game seed: 9871404364189446373 (custom seed)

306 croobank the Skirmisher (level 6, -5/56 HPs)
             Began as a Hill Orc Fighter on Mar 25, 2022.
             Was a Follower of Beogh.
             Slain by Menkaure (12 damage)
             ... on level 5 of the Dungeon.
             The game lasted 00:15:27 (3292 turns).

croobank the Skirmisher (Hill Orc Fighter)          Turns: 3292, Time: 00:15:27

Health: -5/56      AC: 13    Str: 21    XL:     6   Next: 39%
Magic:  7/7        EV:  7    Int:  8    God:    Beogh [*.....]
Gold:   169        SH:  4    Dex: 10    Spells: 2/5 levels left

rFire   . . .      SeeInvis .   a - +1 war axe
rCold   . . .      Faith    .   c - +0 buckler
rNeg    + . .      Spirit   .   d - +0 chain mail
rPois   .          Reflect  .   (no helmet)
rElec   .          Harm     .   (no cloak)
rCorr   .          Rampage  .   (no gloves)
Will    .....                   (no boots)
Stlth   ..........              (no amulet)
HPRegen 0.18/turn               x - ring of positive energy
MPRegen 0.10/turn               q - +4 ring of protection

@: about to teleport
A: no striking features
a: Renounce Religion


You were on level 5 of the Dungeon.
You worshipped Beogh.
Beogh was aware of your devotion.
You visited 1 branch of the dungeon, and saw 5 of its levels.

You collected 169 gold pieces.

Inventory:

Hand Weapons
 a - a +1 war axe (weapon)
 t - a +0 scimitar
Missiles
 e - 109 stones
 j - 93 arrows
 n - 3 poisoned darts
 p - a boomerang (quivered)
 r - 90 sling bullets
Armour
 b - a +0 scale mail
 c - a +0 buckler (worn)
 d - a +0 chain mail (worn)
Jewellery
 q - a +4 ring of protection (right hand)
 v - a ring of protection from cold
 x - a ring of positive energy (left hand)
Scrolls
 f - 4 scrolls of amnesia {amnesia, unknown}
 i - 2 scrolls of identify {identify, unknown}
 k - 2 scrolls of teleportation {teleport}
 l - a scroll of immolation {immolation, unknown}
 w - a scroll of noise {noise, unknown}
Potions
 o - 2 potions of attraction {attraction, unknown}
 u - a potion of flight {flight, unknown}


   Skills:
 + Level 5.0 Fighting
 + Level 4.7 Axes
 + Level 4.5 Armour
 + Level 4.5 Shields
 + Level 2.6 Invocations


You had 2 spell levels left.
You knew the following spells:

 Your Spells              Type           Power      Damage    Failure   Level
a - Mephitic Cloud        Conj/Pois/Air  0%         N/A       100%        3

Your spell library contained the following spells:

 Spells                   Type           Power      Damage    Failure   Level
 Beastly Appendage        Tmut           0%         N/A       99%         1
 Sting                    Tmut/Pois      0%         1d3       99%         1
 Poisonous Vapours        Pois/Air       0%         N/A       100%        2
 Wereblood                Tmut           0%         N/A       100%        2
 Ignite Poison            Fire/Tmut/Pois 0%         N/A       100%        3
 Spider Form              Tmut/Pois      0%         N/A       100%        3
 Olgreb's Toxic Radiance  Pois           0%         N/A       100%        4
 Freezing Cloud           Conj/Ice/Air   0%         6-21      100%        5


Dungeon Overview and Level Annotations

Branches:
Dungeon (5/15)
 Temple: D:4-7

Altars:

Portals:
Sewer: D:5

Annotations:
D:5 Menkaure, Pikel


Message History

Okay, then.
You barely miss the scorpion.
The scorpion is heavily wounded.
You barely miss the water moccasin.
You hear the brisk rusting of a distant drain.
You feel very sick. The scorpion stings you. The water moccasin bites you!
* * * LOW HITPOINT WARNING * * *
The scorpion stings you but does no damage.
The water moccasin bites you but does no damage.
It was a potion of ambrosia {ambrosia}.
You are confused.
You feel invigorated.
Your surroundings suddenly seem different.
Menkaure, Prince of Dust comes into view.
You feel sick.
Menkaure shouts!
You hear an angry hiss.
Menkaure calls on the powers of darkness!
Your body is wracked with pain!
* * * LOW HITPOINT WARNING * * *
You are too confused!
You bump into the rock wall.
You feel sick.
You bump into the rock wall.
You feel less invigorated.
You feel less confused.
You feel sick.
A water moccasin comes into view.
Menkaure casts a spell.
Menkaure seems to speed up.
Okay, then.
You feel sick.
You open the door.
You feel sick. Menkaure hits you.
* * * LOW HITPOINT WARNING * * *
You feel sick.
There is an open door here.
Found a hunting sling.
You feel sick.
You are no longer poisoned.
As you read the scroll of teleportation {teleport}, it crumbles to dust.
You feel strangely unstable. Menkaure barely misses you. x2
You open the door. Menkaure hits you!
You die...

# #.#.#.#.#.#.#......##
.# #.#.#'#'#.##......#
#.#+#+#.#.....#.#.......
#......+......##
#......#......#
#..<...#......# +#
#......######.. .# ##
###+#### ####'## .# #.
#....@###.# #.
#.....MS..# #.
#.....##..# #.
#####.##........ ##
#..#..#..... #.)....
#+## #...#... #... ..##
###. ..#


You could see a water moccasin and Menkaure (fast).

Vanquished Creatures
  A black bear (D:3)
  An ogre (D:4)
  A lemure (D:5)
  An iguana (D:5)
  2 adders
  2 adder skeletons (D:4)
  A worm (D:2)
  2 dart slugs
  6 orcs
  7 ball pythons
  12 endoplasms
  7 goblins
  3 hobgoblins
  7 jackals (D:4)
  3 quokkas
  7 bats
  2 frilled lizards
  2 kobolds
  2 rats (D:2)
69 creatures vanquished.

Vanquished Creatures (others)
  2 orcs (D:3)
  A goblin (D:3)
  A frilled lizard (D:3)
4 creatures vanquished.

Grand Total: 73 creatures vanquished

Notes
Turn   | Place    | Note
-------+----------+-------------------------------------------
     0 | D:1      | croobank the Hill Orc Fighter began the quest for the Orb.
     0 | D:1      | Reached XP level 1. HP: 19/19 MP: 1/1
   155 | D:1      | Reached XP level 2. HP: 27/27 MP: 2/2
   884 | D:2      | Reached skill level 4 in Fighting
   890 | D:2      | Reached XP level 3. HP: 26/33 MP: 3/3
  1616 | D:3      | Became a worshipper of Beogh the Brigand
  1714 | D:3      | Reached XP level 4. HP: 40/40 MP: 4/4
  2134 | D:4      | Reached skill level 1 in Invocations
  2348 | D:4      | Noticed an ogre
  2360 | D:4      | Killed an ogre
  2361 | D:4      | Reached XP level 5. HP: 24/47 MP: 4/6
  2530 | D:4      | Reached * piety under Beogh
  2558 | D:4      | Learned a level 3 spell: Mephitic Cloud
  2602 | D:4      | Noticed a black bear
  2624 | D:3      | Killed a black bear
  2625 | D:3      | Reached skill level 5 in Fighting
  2625 | D:3      | Reached XP level 6. HP: 55/56 MP: 7/7
  2859 | D:5      | Entered Level 5 of the Dungeon
  2892 | D:5      | Noticed Pikel
  3029 | D:5      | Noticed a water moccasin
  3031 | D:5      | Found a glowing drain.
  3054 | D:5      | HP: 2/56 [Pikel/+1 whip of flaming (4)]
  3284 | D:5      | Noticed Menkaure
  3286 | D:5      | Noticed a water moccasin
  3292 | D:5      | Slain by Menkaure

Illustrated notes

Levels and vault maps discovered:
D:1:      onia_arrival_mini_maze_b, layout_basic, bh_walls_and_bars
D:2:      layout_basic, serial_glass, glass_columns_c, glass_columns_b,
          nrook_campfire, minmay_tripent
D:3:      layout_basic, minmay_misc_feat_encased
D:4:      layout_cave_pools
D:5:      layout_basic, cheibrodos_sewer_entry_sluice, uniq_ijyb, uniq_pikel,
          uniq_menkaure

Skill      XL: |  1  2  3  4  5 |
---------------+----------------+-----
Axes           | 3 4 |  4.7
Fighting       | 4 5 |  5.0
Shields        | 4 |  4.5
Invocations    | 1 2 |  2.6
Armour         | 4 |  4.5

Action                   |  1- 3 |  4- 6 || total
-------------------------+-------+-------++-------
Melee: War axe           |    86 |    78 ||   164
Throw: Boomerang         |       |    15 ||    15
       Throwing net      |       |     2 ||     2
Invok: Convert to Beogh  |     1 |       ||     1
  Use: Potion            |       |     7 ||     7
       Scroll            |       |     7 ||     7
Armor: Scale mail        |    40 |    27 ||    67
       Chain mail        |       |    54 ||    54
Dodge: Dodged            |    34 |    49 ||    83
Block: Buckler           |    30 |    38 ||    68
